 Dungeon Crawl Stone Soup version 0.29.1-2-gbd0b4ee654 (webtiles) character file.

Game seed: 2871099798867373691

30 mortz the Trooper (level 3, 40/40 HPs)
             Began as an Ogre Berserker on Nov 21, 2022.
             Was a Follower of Trog.
             Quit the game on level 1 of the Dungeon.
             The game lasted 00:05:01 (921 turns).

mortz the Trooper (Ogre Berserker)                   Turns: 921, Time: 00:05:01

Health: 40/40      AC:  3    Str: 21    XL:     3   Next: 20%
Magic:  4/4        EV: 10    Int: 14    God:    Trog [*.....]
Gold:   50         SH:  0    Dex: 10    Spells: 2/2 levels left

rFire   . . .      SeeInvis .   a - +0 falchion
rCold   . . .      Faith    .   (no shield)
rNeg    . . .      Spirit   .   f - +0 animal skin
rPois   .          Reflect  .   (helmet restricted)
rElec   .          Harm     .   e - scarf {+Inv}
rCorr   .          Rampage  .   (gloves unavailable)
Will    .....                   (boots unavailable)
Stlth   +.........              (no amulet)
HPRegen 0.13/turn               l - +6 ring of intelligence
MPRegen 0.09/turn               (no ring)

@: no status effects
A: large, unfitting armour, tough skin 1
a: Renounce Religion, Evoke Invisibility, Berserk


You were on level 1 of the Dungeon.
You worshipped Trog.
Trog was aware of your devotion.
You visited 1 branch of the dungeon, and saw 1 of its levels.

You collected 50 gold pieces.

Inventory:

Hand Weapons
 a - a +0 falchion (weapon)
 b - a +0 war axe
Missiles
 d - 6 stones (quivered)
Armour
 e - a scarf of invisibility (worn)
 f - a +0 animal skin (worn)
Jewellery
 l - a +6 ring of intelligence (left hand)
Scrolls
 g - a scroll of teleportation {unknown}
 j - a scroll of enchant weapon {unknown}
 n - a scroll of identify {unknown}
 p - a scroll of summoning {unknown}
Potions
 c - 2 potions of invisibility {unknown}
 h - 2 potions of lignification {unknown}
 i - a potion of curing {unknown}
 k - a potion of magic {unknown}
 m - a potion of attraction {unknown}
 o - a potion of haste {unknown}


   Skills:
 + Level 4.6 Fighting
 + Level 3.1 Long Blades
 - Level 2.6 Dodging
 + Level 1.5 Invocations


You had 2 spell levels left.
You didn't know any spells.
Your spell library was empty.

Dungeon Overview and Level Annotations

Branches:
Dungeon (1/15) Zot: 5055

Altars:


Innate Abilities, Weirdness & Mutations

You are too large for most types of armour.
You have tough skin. (AC +1)


Message History

Trog accepts your kill.
You barely miss the hobgoblin. The hobgoblin hits you.
You hit the hobgoblin.
The hobgoblin is almost dead.
The hobgoblin closely misses you.
You slash the hobgoblin!
You kill the hobgoblin!
Trog accepts your kill.
Things that are here:
a hobgoblin corpse; a frilled lizard corpse
n - a scroll labelled NEFECA ZOUZEME You now have 50 gold pieces (gained 7).
o - a fuming silvery potion A hobgoblin comes into view.
The hobgoblin shouts!
A ball python comes into view.
The ball python hisses angrily.
The hobgoblin hits you.
You hit the hobgoblin.
The hobgoblin is severely wounded.
The hobgoblin hits you.
You hit the hobgoblin.
The hobgoblin is almost dead.
The hobgoblin closely misses you. The ball python misses you.
You hit the hobgoblin.
You kill the hobgoblin!
Trog accepts your kill.
You hit the ball python but do no damage.
The ball python bites you.
You barely miss the ball python. The ball python bites you.
The ball python barely misses you.
You slash the ball python!
You kill the ball python!
Trog accepts your kill.
You see here a ball python corpse.
You see here a ball python corpse.
You see here a ball python corpse.
p - a scroll labelled MIAPRY OLEOC Done exploring.
Are you sure you want to abandon this character and quit the game? (Confirm with "yes".)

#.#.#.#.#.....#.#.#.###
#.#.#.#.###.###.#.#.#
#.#.#.#.........#.#.#
#.#.#.###########.#.#
#.#.#.............#.#
#.#.#######'#######.#
#.#.................#
#.#####.########.#### #
#.....@.# #...####
######### ###.....
###### # #


There were no monsters in sight!

Vanquished Creatures
  2 dart slugs (D:1)
  5 ball pythons (D:1)
  A giant cockroach (D:1)
  3 goblins (D:1)
  5 hobgoblins (D:1)
  2 quokkas (D:1)
  2 bats (D:1)
  2 frilled lizards (D:1)
  A kobold (D:1)
  A rat (D:1)
24 creatures vanquished.

Notes
Turn   | Place    | Note
-------+----------+-------------------------------------------
     0 | D:1      | mortz the Ogre Berserker began the quest for the Orb.
     0 | D:1      | Reached XP level 1. HP: 24/24 MP: 1/1
   237 | D:1      | Reached XP level 2. HP: 32/32 MP: 2/2
   328 | D:1      | Reached skill level 1 in Invocations
   415 | D:1      | Noticed a floating eye
   417 | D:1      | Found a faded altar of an unknown god.
   424 | D:1      | Noticed a shining eye
   424 | D:1      | Noticed a shining eye
   424 | D:1      | Noticed an eye of devastation
   672 | D:1      | Reached XP level 3. HP: 40/40 MP: 4/4
   921 | D:1      | Quit the game

Illustrated notes

Levels and vault maps discovered:
D:1:      matt_arrival_refuge, layout_basic,
          hellmonk_ecumenical_altar_watching_god, minivault_19,
          kennysheep_small_spiral, minmay_split_cup_small

Skill      XL: |  1  2 |
---------------+-------+-----
Invocations    | 1 |  1.5
Long Blades    | 3 |  3.1
Fighting       | |  4.6
Dodging        | |  2.6

Action                   || total
-------------------------++-------
Melee: Falchion          ||    64
       Punch             ||     2
Throw: Stone             ||     2
Invok: Berserk           ||     1
Armor: Animal skin       ||    10
Dodge: Dodged            ||    31
